 Dungeon Crawl Stone Soup version 0.22-a0-565-gfc6459a (webtiles) character file.

15 Amnesiac the Charmwright (level 2, 0/14 HPs)
             Began as a Spriggan Wanderer on June 28, 2018.
             Succumbed to an adder's poison
             ... on level 1 of the Dungeon.
             The game lasted 00:01:42 (1199 turns).

Amnesiac the Charmwright (Spriggan Wanderer)        Turns: 1199, Time: 00:01:43

Health: 0/14       AC:  2    Str:  9    XL:     2   Next: 34%
Magic:  6/6        EV: 23    Int: 13    God:
Gold:   10         SH:  0    Dex: 19    Spells: 4/5 levels left

rFire    . . .     SeeInvis +   c - +1 hunting sling (flame)
rCold    . . .     Gourm    .   (shield restricted)
rNeg     . . .     Faith    .   a - +0 robe
rPois    .         Spirit   .   (helmet restricted)
rElec    .         Reflect  .   (no cloak)
rCorr    .         Harm     .   (gloves unavailable)
MR       .....                  (boots unavailable)
Stlth    +++.......             (no amulet)
HPRegen  0.04/turn              (no ring)
MPRegen  0.10/turn              (no ring)

@: agile, lethally poisoned (0 -> -4), hasted, very quick
A: very small, unfitting armour, see invisible, herbivore, speed 3, slow
metabolism 2
a: no special abilities


You were on level 1 of the Dungeon.
You were not hungry.

You visited 1 branch of the dungeon, and saw 2 of its levels.

You collected 10 gold pieces.

Inventory:

Hand Weapons
 c - a +1 hunting sling of flaming (weapon)
 e - a +0 dagger
Missiles
 b - 2 throwing nets
 g - 26 stones (quivered)
 l - 20 sling bullets
Armour
 a - a +0 robe (worn)
Scrolls
 d - a scroll of teleportation {!r}
 h - a scroll of enchant weapon {!r, unknown}
 k - a scroll of immolation {!r, unknown}
Comestibles
 f - a ration


   Skills:
 - Level 1.5 Fighting
 + Level 1.1(1.4) Short Blades
   Level 1.0(1.1) Long Blades
 + Level 2.4 Dodging
 - Level 1.5 Stealth
   Level 1.0 Shields
 + Level 2.0 Spellcasting
 - Level 3.0 Charms
   Level 1.3 Evocations


You had 4 spell levels left.
You knew the following spells:

 Your Spells              Type           Power        Failure   Level  Hunger
z - Infusion              Chrm           #...         8%          1    ##.....

Your spell library contained the following spells:

 Spells                   Type           Power        Failure   Level  Hunger
 Regeneration             Chrm/Necr      #.........   38%         3    ####...


Dungeon Overview and Level Annotations

Branches:
Dungeon (2/15)

Altars:
Ashenzari


Innate Abilities, Weirdness & Mutations

You are very small and have problems with some larger weapons.
You are too small for most types of armour.
You have supernaturally acute eyesight. (SInv)
You are a herbivore.
You cover ground extremely quickly.
You need to consume almost no food.


Message History

No target in view!
Done exploring.
No target in view!
Done exploring.
Done exploring.
There is a stone staircase leading down here.
You climb downwards.
There is a stone staircase leading up here.
Found a scale mail.
No target in view!
You see here a scale mail.
An adder comes into view.
Firing (i - inventory. (/) - cycle)
g - 29 stones (quivered)
Press: ? - help, Shift-Dir - straight line, f - adder
Aim: an adder (resting)
You shoot a stone.
The stone hits the adder but does no damage.
The adder hisses angrily.
The adder closely misses you.
An adder is nearby!
Firing (i - inventory. (/) - cycle)
g - 28 stones (quivered)
Press: ? - help, Shift-Dir - straight line, f/p - adder
Aim: an adder You shoot a stone.
The stone misses the adder.
The adder bites you.
You are poisoned.
The adder poisons you!
An adder is nearby!
Firing (i - inventory. (/) - cycle)
g - 27 stones (quivered)
Press: ? - help, Shift-Dir - straight line, f/p - adder
Aim: an adder You shoot a stone.
The stone hits the adder.
The stone burns the adder.
The adder is moderately wounded.
You feel sick. The adder barely misses you. The adder bites you.
You are lethally poisoned!
The adder poisons you!
You feel sick.
You feel sick.
* * * LOW HITPOINT WARNING * * *
You feel sick.
* * * LOW HITPOINT WARNING * * *
You feel sick.
* * * LOW HITPOINT WARNING * * *
You feel sick.
* * * LOW HITPOINT WARNING * * *
You feel sick.
* * * LOW HITPOINT WARNING * * *
You feel sick.
* * * LOW HITPOINT WARNING * * *
You feel sick.
* * * LOW HITPOINT WARNING * * *
You feel sick.
There is a stone staircase leading up here.
You climb upwards.
* * * LOW HITPOINT WARNING * * *
You feel sick.
There is a stone staircase leading down here.
Really quaff
i - a green potion {!q}?
It was a potion of haste {!q}.
You feel yourself speed up.
Really quaff
j - a pink potion {!q}?
It was a potion of agility {!q}.
You feel agile all of a sudden.
There is a lethal amount of poison in your body!
Unknown command.
You die...

..#.##....# #.#
###.l.....# #.# #
####....# #.# #
#....#+## #.#
###....#.# #.#
....####.# #.#
.#.......# #.#
###..############.#
................@>#
####..########.(.###
..###†##...........#
#.# #..#.#...#####.#
#.####.#...### #.#
#...[....### #.#
#..####### #.# ...#
#.# #.## #.#


There were no monsters in sight!

Vanquished Creatures
  2 giant cockroaches (D:1)
  3 goblins (D:1)
  2 hobgoblins (D:1)
  2 bats (D:1)
  A frilled lizard (D:1)
  5 rats (D:1)
15 creatures vanquished.

Notes
Turn   | Place    | Note
-------+----------+-------------------------------------------
     0 | D:1      | Amnesiac the Spriggan Wanderer began the quest for the Orb.
     0 | D:1      | Amnesiac set off with: a +0 robe, 2 throwing nets, a scroll of teleportation {!r}, a +0 dagger, a ration
     0 | D:1      | Reached XP level 1. HP: 10/10 MP: 3/3
     2 | D:1      | Learned a level 1 spell: Infusion
   370 | D:1      | Reached XP level 2. HP: 14/14 MP: 1/5
   635 | D:1      | Found a shattered altar of Ashenzari.
   644 | D:1      | Reached skill level 1 in Short Blades
  1199 | D:1      | Succumbed to an adder's poison

Vault maps used:
D:1:      elethiomel_arrival_maze, evilmike_ruin_ashenzari

Skill      XL: |  1  2 |
---------------+-------+-----
Dodging        | 2 |  2.4
Short Blades   | 1 |  1.1
Spellcasting   | 2 |  2.0
Fighting       | |  1.5
Long Blades    | |  1.0
Stealth        | |  1.5
Shields        | |  1.0
Charms         | |  3.0
Evocations     | |  1.3

Action                   || total
-------------------------++-------
Melee: Dagger            ||    17
 Fire: Hunting sling     ||    11
 Cast: Infusion          ||     3
  Use: Potion            ||     2
 Stab: Sleeping          ||     2
Armor: Robe              ||     2
Dodge: Dodged            ||    14

Table legend:
 A = Spawn XP
 B = Non-spawn XP
 C = Spawn XP percentage of total XP
 D = Spawn monster count
 E = Non-spawn monster count
 F = Spawn count percentage of total count
 G = Total turns spent on level
                    A         B        C        D         E        F      G
               +---------+---------+-------+---------+---------+-------+---------
         Total |       0 |      22 |   0.0 |       0 |      15 |   0.0 |  1199
               +---------+---------+-------+---------+---------+-------+---------
           D:1 |       0 |      22 |   0.0 |       0 |      15 |   0.0 |  1118
               +---------+---------+-------+---------+---------+-------+---------
